 Dungeon Crawl Stone Soup version 0.30.1-3-gfc49f6343a (webtiles) character file.

Game seed: 13931734490729413325

74 Bronimir the Conjurer (level 4, 0/30 HPs)
             Began as a Human Conjurer on July 29, 2023.
             Succumbed to an adder's poison
             ... in a sewer.
             The game lasted 00:04:45 (2484 turns).

Bronimir the Conjurer (Human Conjurer)              Turns: 2484, Time: 00:04:46

Health: 0/30       AC:  4    Str: 11    XL:     4   Next: 54%
Magic:  1/7        EV: 12    Int: 19    God:
Gold:   86         SH:  0    Dex:  9    Spells: 0/7 levels left

rFire   . . .        e - +0 quarterstaff
rCold   . . .        (shield currently unavailable)
rNeg    . . .        a - +0 robe
rPois   .            (no helmet)
rElec   .            (no cloak)
rCorr   .            (no gloves)
SInv    .            (no boots)
Will    .....        (no amulet)
Stlth   ++           (no ring)
HPRegen 0.25/turn    (no ring)
MPRegen 0.10/turn

%: no passive effects
@: mighty, lethally poisoned (0 -> -6), flying, invisible
A: iridescent scales 1, clumsy 1, strong 1
a: no special abilities


You were in a sewer.
You visited 1 branch of the dungeon, and saw 4 of its levels.
You also visited: Sewer.

You collected 86 gold pieces.

Inventory:

Hand Weapons
 d - a +0 dagger of flaming
 e - a +0 quarterstaff (weapon)
Armour
 a - a +0 robe (worn)
Scrolls
 f - 2 scrolls of identify {unknown}
 g - a scroll of teleportation {unknown}
 i - 2 scrolls of noise {unknown}
Potions
 l - a potion of berserk rage {unknown}
 m - a potion of heal wounds {unknown}
 n - a potion of attraction {unknown}


   Skills:
 * Level 0.5 Staves
 + Level 2.1 Dodging
 + Level 2.1 Stealth
 * Level 2.4 Spellcasting
 * Level 5.2 Conjurations


You couldn't memorise any spells.
You knew the following spells:

 Your Spells              Type           Power      Damage    Failure   Level
a - Magic Dart            Conj           88%        1d7       1%          1
b - Searing Ray           Conj           44%        2d6       3%          2
c - Iskenderun's Mystic   Conj/Tloc      12%        2d5       50%         4

Your spell library contained the following spells:

 Spells                   Type           Power      Damage    Failure   Level
 Dazzling Flash           Conj/Hex       24%        N/A       17%         3
 Ensorcelled Hibernation  Hex/Ice        4%         N/A       24%         2
 Passwall                 Tmut/Erth      1%         N/A       24%         2
 Call Canine Familiar     Summ           2%         N/A       43%         3
 Portal Projectile        Hex/Tloc       4%         N/A       43%         3
 Swiftness                Air            2%         N/A       43%         3
 Fulminant Prism          Conj/Hex       6%         3d7       50%         4
 Leda's Liquefaction      Hex/Erth       1%         N/A       85%         4


Dungeon Overview and Level Annotations

Branches:
Dungeon (4/15)              Sewer (1/1)
 Temple: D:4-7

Altars:

Shops:
D:2 =


Innate Abilities, Weirdness & Mutations

You are partially covered in iridescent scales. (AC +2)
You are clumsy. (Dex -2)
Your muscles are strong. (Str +4, Int/Dex -1)


Message History

Nothing appears to happen.
The adder hisses angrily.
The magic dart hits the adder.
The adder is moderately wounded.
You are out of magic!
The adder attacks as you move away! The adder bites you.
You are poisoned.
The adder poisons you!
You feel very sick.
The adder bites you. x2; The adder closely misses you.
You feel sick. The adder closely misses you.
The adder bites you but does no damage.
You feel sick. The adder bites you. The adder bites you but does no damage.
The adder bites you. The adder closely misses you.
It was a potion of might.
You feel very mighty all of a sudden.
You feel sick. The adder closely misses you.
The adder bites you but does no damage.
Your magical contamination has completely faded away.
It was a potion of flight.
You feel very buoyant.
You fly up into the air.
You feel sick.
You are no longer poisoned.
The adder bites you.
* * * LOW HITPOINT WARNING * * *
You are poisoned.
The adder poisons you! The adder bites you.
* * * LOW HITPOINT WARNING * * *
It was a potion of mutation.
You feel extremely strange.
You feel stronger.
You feel clumsy.
Iridescent scales grow over part of your body.
* * * LOW HITPOINT WARNING * * *
You feel sick. The adder bites you.
* * * LOW HITPOINT WARNING * * *
You are more poisoned.
The adder poisons you! The adder barely misses you.
The adder bites you but does no damage. The adder closely misses you.
It was a potion of invisibility.
You fade into invisibility!
You die...

#.≈≈~~.~.....
#.~≈~~~~~~~~~
#.~≈≈≈≈≈≈≈≈≈≈
#.~≈~~~~~~~~~
#~~≈~~†~†.... #~~≈~~#
#~~≈~~########
###.~≈~SS~~~~~.########
≈≈≈≈≈≈~~@~~~~~.~..∩.∩.#
###.~~~.†~~...†########
#.....######## #######


You could see 2 adders.

Vanquished Creatures
  An adder (D:2)
  2 worms (D:2)
  5 endoplasms
  8 giant cockroaches
  6 goblins (D:1)
  4 hobgoblins
  3 jackals (D:2)
  7 quokkas
  3 ball pythons
  2 bats
  4 frilled lizards
  A kobold (D:1)
  4 rats (D:1)
50 creatures vanquished.

Notes
Turn   | Place    | Note
-------+----------+-------------------------------------------
     0 | D:1      | Bronimir the Human Conjurer began the quest for the Orb.
     0 | D:1      | Reached XP level 1. HP: 13/13 MP: 3/3
   383 | D:1      | Reached XP level 2. HP: 19/19 MP: 3/5
   391 | D:1      | Learned a level 2 spell: Searing Ray
  1038 | D:1      | Reached XP level 3. HP: 24/24 MP: 3/6
  1563 | D:2      | Found Neotasojou's Jewellery Shop.
  1741 | D:2      | Reached skill level 5 in Conjurations
  1790 | D:2      | Reached XP level 4. HP: 30/30 MP: 4/7
  1879 | D:2      | Learned a level 4 spell: Iskenderun's Mystic Blast
  1987 | D:2      | Identified the +4 dagger of Floods {elec, Str+5 Int+2}
  2275 | D:2      | You fall into a shaft and drop 2 floors!
  2280 | D:4      | Noticed a scorpion
  2283 | D:3      | Found a glowing drain.
  2395 | Sewer    | Entered a sewer
  2483 | Sewer    | Gained mutation: Your muscles are strong. (Str +4, Int/Dex
                  | -1) [potion of mutation]
  2483 | Sewer    | Gained mutation: You are clumsy. (Dex -2) [potion of
                  | mutation]
  2483 | Sewer    | Gained mutation: You are partially covered in iridescent
                  | scales. (AC +2) [potion of mutation]
  2483 | Sewer    | HP: 1/30 [adder (4)]
  2484 | Sewer    | Succumbed to an adder's poison

Illustrated notes

Levels and vault maps discovered:
D:1:      elethiomel_arrival_maze, layout_basic
D:2:      layout_basic, serial_shops, shop, columned_hall_lemuel
D:3:      layout_rooms, portal_sewer_entry_f
D:4:      layout_cave_pools, hangedman_glass_teeth, uniq_pikel, uniq_edmund
Sewer:    sewer_frog_island_01

Skill      XL: |  1  2  3 |
---------------+----------+-----
Conjurations   | 5 |  5.2
Staves         | |  0.5
Dodging        | |  2.1
Stealth        | |  2.1
Spellcasting   | |  2.4

Action                     |  1- 3 |  4- 6 || total
---------------------------+-------+-------++-------
  Melee: Quarterstaff      |     4 |    12 ||    16
   Cast: Magic Dart        |    61 |    35 ||    96
         Searing Ray       |       |     1 ||     1
    Use: Potion            |       |     5 ||     5
 Armour: Robe              |     2 |    22 ||    24
  Dodge: Dodged            |     1 |    76 ||    77
